 Dungeon Crawl Stone Soup version 0.29.1-1-gd02db6906a (webtiles) character file.

Game seed: 129404130709351993

13 Mindcool24 the Trooper (level 2, 0/19 HPs)
             Began as a Gargoyle Monk on Oct 10, 2022.
             Slain by a ball python (2 damage)
             ... on level 1 of the Dungeon.
             The game lasted 00:03:14 (465 turns).

Mindcool24 the Trooper (Gargoyle Monk)               Turns: 465, Time: 00:03:15

Health: 0/19       AC:  4    Str: 14    XL:     2   Next: 37%
Magic:  2/2        EV: 12    Int: 10    God:
Gold:   26         SH:  0    Dex: 12    Spells: 1/1 levels left

rFire   . . .      SeeInvis .   a - +0 mace
rCold   . . .      Faith    .   (no shield)
rNeg    + . .      Spirit   .   b - +0 robe
rPois   ∞          Reflect  .   (no helmet)
rElec   +          Harm     .   (no cloak)
rCorr   .          Rampage  .   (no gloves)
Will    .....                   (no boots)
Stlth   ++........              (no amulet)
HPRegen 0.06/turn               (no ring)
MPRegen 0.08/turn               (no ring)

@: no status effects
A: sickness immunity, AC +2, negative energy resistance 1, electricity
resistance, torment resistance 1, petrification resistance
a: no special abilities


You were on level 1 of the Dungeon.
You visited 1 branch of the dungeon, and saw 2 of its levels.

You collected 26 gold pieces.

Inventory:

Hand Weapons
 a - a +0 mace (weapon)
 e - a +0 dagger
Armour
 b - a +0 robe (worn)
Scrolls
 d - 2 scrolls of teleportation {unknown}
Potions
 c - a potion of ambrosia


   Skills:
 + Level 3.5 Fighting
 + Level 3.3 Maces & Flails
 + Level 2.5 Dodging
 + Level 2.2 Stealth


You had one spell level left.
You didn't know any spells.
Your spell library was empty.

Dungeon Overview and Level Annotations

Branches:
Dungeon (2/15)

Altars:

Annotations:
D:2 Sigmund


Innate Abilities, Weirdness & Mutations

You are immune to sickness and miasma.
Your stone body is resilient. (AC +2)
You are immune to poison.
You resist negative energy. (rN+)
You are resistant to electric shocks. (rElec)
You are resistant to unholy torment.
You are immune to petrification.


Message History

A hobgoblin comes into view.
The frilled lizard closely misses you. The frilled lizard barely misses you.
The hobgoblin shouts!
You hit the frilled lizard but do no damage.
The frilled lizard misses you. The frilled lizard bites you.
The frilled lizard barely misses you.
The frilled lizard attacks as you move away!
The frilled lizard bites you but does no damage.
The frilled lizard completely misses you.
The frilled lizard attacks as you move away!
The frilled lizard bites you but does no damage.
The frilled lizard attacks as you move away!
The frilled lizard barely misses you.
The frilled lizard attacks as you move away!
The frilled lizard misses you.
The frilled lizard bites you but does no damage.
The frilled lizard bites you. The frilled lizard barely misses you.
The frilled lizard misses you. The ball python barely misses you.
The ball python closely misses you.
You see here a fuming cyan potion.
The frilled lizard attacks as you move away!
The frilled lizard barely misses you.
The ball python attacks as you move away!
The ball python barely misses you. The ball python closely misses you.
The frilled lizard unfolds its giant frill.
The frilled lizard attacks as you move away!
The frilled lizard closely misses you. The frilled lizard bites you.
* * * LOW HITPOINT WARNING * * *
The frilled lizard bites you but does no damage.
The frilled lizard bites you but does no damage.
The ball python closely misses you. The ball python grabs you.
The ball python constricts you.
You escape the ball python's grasp.
The frilled lizard bites you.
* * * LOW HITPOINT WARNING * * *
The frilled lizard attacks as you move away!
The frilled lizard barely misses you.
The frilled lizard bites you but does no damage.
The ball python bites you.
You die...

...........##.##.....####
...........##..'.....'...
############.......#####.....##..
....)>........................'..
....##.$..........#############..
$$. #.....!......# #... ..
#............###### #...
.....#.........ll....... #...
.....#........gS@.$..... #...
.....##########......... #...
.....#...######......... #...
...............#########
...............# ...............#
...............####
................... ......._....#


You could see a hobgoblin, a ball python and 2 frilled lizards.

Vanquished Creatures
  A dart slug (D:1)
  A giant cockroach (D:1)
  A goblin (D:1)
  4 jackals (D:1)
  A kobold (D:1)
  A rat (D:1)
9 creatures vanquished.

Notes
Turn   | Place    | Note
-------+----------+-------------------------------------------
     0 | D:1      | Mindcool24 the Gargoyle Monk began the quest for the Orb.
     0 | D:1      | Reached XP level 1. HP: 14/14 MP: 1/1
    25 | D:1      | Found a faded altar of an unknown god.
   360 | D:1      | Reached XP level 2. HP: 9/19 MP: 2/2
   443 | D:2      | Noticed Sigmund
   465 | D:1      | Slain by a ball python

Illustrated notes

Levels and vault maps discovered:
D:1:      mrwooster_arrival_statue_3, layout_basic, basic_ecumenical_altar
D:2:      layout_loops_cross, serial_bayou, serial_bayou_pond_a,
          serial_bayou_ford_a, serial_bayou_pond_e, serial_bayou_pond_a,
          amcnicky_mini_rare_corridor_liquid, minmay_box_of_dots, uniq_natasha,
          uniq_sigmund

Action                   || total
-------------------------++-------
Melee: Mace              ||    42
Armor: Robe              ||    25
Dodge: Dodged            ||    55
